 Dungeon Crawl Stone Soup version 0.24.0-13-gcf9b3192b9 (webtiles) character file.

Game seed: 7681804178811965347, levelgen mode: deterministic

30 Descartes the Insei (level 3, 0/18 HPs)
             Began as a Vine Stalker Transmuter on Nov 8, 2019.
             Slain by an iguana (7 damage)
             ... on level 2 of the Dungeon.
             The game lasted 00:02:59 (1867 turns).

Descartes the Insei (Vine Stalker Transmuter)       Turns: 1867, Time: 00:03:00

Health: 0/18       AC:  2    Str: 13    XL:     3   Next: 18%
Magic:  0/7        EV: 12    Int: 13    God:
Gold:   66         SH:  0    Dex: 14    Spells: 5/6 levels left

rFire    . . .     SeeInvis .     - Unarmed
rCold    . . .     Gourm    .   (no shield)
rNeg     . . .     Faith    .   b - +0 robe
rPois    .         Spirit   +   (no helmet)
rElec    .         Reflect  .   (no cloak)
rCorr    .         Harm     .   (no gloves)
MR       .....                  (no boots)
Stlth    ++........             (no amulet)
HPRegen  0.06/turn              (no ring)
MPRegen  0.10/turn              (no ring)

@: no status effects
A: fangs 2, magic shield, antimagic bite, no potion heal 3, rot immunity
a: no special abilities


You were on level 2 of the Dungeon.
You were not hungry.

You visited 1 branch of the dungeon, and saw 2 of its levels.

You collected 66 gold pieces.

Inventory:

Missiles
 a - 12 arrows
 e - 58 stones (quivered)
 j - 19 sling bullets
Armour
 b - a +0 robe (worn)
 c - a +0 buckler
Scrolls
 f - a scroll of identify {unknown}
 k - a scroll of teleportation {unknown}
 l - a scroll of fear {unknown}
Potions
 g - a potion of heal wounds {unknown}
 h - 2 potions of haste {unknown}
 i - a potion of magic {unknown}
Comestibles
 d - 2 rations
 m - 3 chunks of flesh


   Skills:
 + Level 1.1 Fighting
 + Level 0.5 Armour
 + Level 1.7 Dodging
 + Level 0.8 Stealth
 + Level 0.3 Shields
 * Level 3.2 Unarmed Combat
 + Level 2.3 Spellcasting
 * Level 2.4 Transmutations


You had 5 spell levels left.
You knew the following spells:

 Your Spells              Type           Power        Failure   Level  Hunger
a - Beastly Appendage     Tmut           #.....       9%          1    #......

Your spell library contained the following spells:

 Spells                   Type           Power        Failure   Level  Hunger
 Sticks to Snakes         Tmut           #.......     14%         2    ###....
 Spider Form              Tmut/Pois      #.........   41%         3    ###....
 Ice Form                 Ice/Tmut       #.......     83%         4    #####..
 Blade Hands              Tmut           #.........   94%         5    ######.


Dungeon Overview and Level Annotations

Branches:
Dungeon (2/15)

Altars:


Innate Abilities, Weirdness & Mutations

You have extremely sharp teeth.
When hurt, damage is shared between your health and your magic reserves.
Your bite disrupts and absorbs the magic of your enemies.
Potions cannot restore your health.
You are immune to rotting.


Message History

a +0 club; a hobgoblin corpse You butcher the hobgoblin corpse.
m - 3 chunks of flesh
Things that are here:
a +0 club; a hobgoblin skeleton You start resting.
Magic restored.
You start resting.
The iguana is too close now for your liking.
An iguana is nearby!
You start resting.
The iguana is too close now for your liking.
You hit the iguana. You bite the iguana, but do no damage.
The iguana is lightly wounded.
The iguana bites you!
You are too injured to fight recklessly!
You hit the iguana but do no damage.
The iguana is lightly wounded.
The iguana bites you!
You die...

#...........## ......†....#
#.#..........####.......#.#
#.#.###÷####..# ####....# #
# #.#.# #...##..## ####l# #
#.#.# #....#...# ###...# #
#.#.# #....#...# ##.....# #
#.#.. #........###......# #
#.#.. ######....##..###.# #
#..@.#...# #.# #
####..l.#...##..# #
........).......# #
################# #


You could see an iguana.

Vanquished Creatures
  A worm (D:2)
  A dart slug (D:1)
  A giant cockroach (D:2)
  5 goblins
  2 hobgoblins (D:2)
  2 jackals (D:1)
  3 kobolds (D:2)
  A ball python (D:2)
  4 bats
  2 frilled lizards (D:1)
  A rat (D:2)
23 creatures vanquished.

Notes
Turn   | Place    | Note
-------+----------+-------------------------------------------
     0 | D:1      | Descartes the Vine Stalker Transmuter began the quest for
                  | the Orb.
     0 | D:1      | Reached XP level 1. HP: 9/9 MP: 4/4
   292 | D:1      | Reached skill level 1 in Fighting
   297 | D:1      | Reached XP level 2. HP: 8/14 MP: 3/6
  1786 | D:2      | Reached XP level 3. HP: 18/18 MP: 7/7
  1867 | D:2      | Slain by an iguana

Levels and vault maps discovered:
D:1:      lightli_arrival_quake, layout_basic, chequers_serial_rivers_small_3
D:2:      minmay_recursive_quarters, layout_basic, first_ration,
          serial_co_window_serial, co_window_of_opportunity_a,
          co_window_paths_a, co_window_paths_b, co_window_of_opportunity_a,
          co_window_corner_a, co_window_corner_b, co_window_of_opportunity_c,
          co_window_paths_c, co_window_broadway_b, co_window_paths_e,
          co_window_4corner_a, glass_columns_a, glass_columns_a,
          glass_columns_a, glass_columns_b, glass_columns_b, solitary_fountain

Skill      XL: |  1 |
---------------+----+-----
Fighting       | 1 |  1.1
Armour         | |  0.5
Dodging        | |  1.7
Stealth        | |  0.8
Shields        | |  0.3
Unarmed Combat | |  3.2
Spellcasting   | |  2.3
Transmutations | |  2.4

Action                   || total
-------------------------++-------
Melee: Unarmed           ||    96
       Bite              ||    29
       Punch             ||     1
  Eat: Chunk             ||     3
Armor: Robe              ||    35
Dodge: Dodged            ||    80
